 Dungeon Crawl Stone Soup version 0.27-a0-660-g90476cec82 (webtiles) character file.

Game seed: 6972839104122826915

99280 inc the Ripper (level 15, -1/73 HPs)
             Began as a Felid Chaos Knight on Mar 15, 2021.
             Was a Plaything of Xom.
             Slain by a spriggan rider
             ... wielding a +0 spear
              (26 damage)
             ... on level 2 of the Swamp on Mar 16, 2021.
             The game lasted 01:47:27 (44457 turns).

inc the Ripper (Felid Chaos Knight)                Turns: 44457, Time: 01:47:28

Health: -1/73      AC:  9    Str: 10    XL:     15   Next: 77%
Magic:  0/36       EV: 31    Int: 14    God:    Xom [.*....]
Gold:   2345       SH:  0    Dex: 20    Spells: 16/26 levels left
                                        Lives:  0   Deaths: 2

rFire    . . .     SeeInvis +     - Unarmed
rCold    + . .     Faith    .   (shield unavailable)
rNeg     . . .     Spirit   +   (armour unavailable)
rPois    +         Reflect  .   (helmet unavailable)
rElec    .         Harm     .   (cloak unavailable)
rCorr    .         Rampage  .   (gloves unavailable)
Will     +++..                  (boots unavailable)
Stlth    +++.......             l - amulet of guardian spirit
HPRegen  0.22/turn              E - +6 ring of strength
MPRegen  0.25/turn              U - ring of Lidghon {rPois Will+ MP+9 Int-2 SInv}

@: blade hands, quick
A: very small, claws 1, fangs 3, see invisible, speed 1, shaggy fur 3, (stealthy
paws), no weapons or thrown items, no armour, multi-lived, iridescent scales 1,
molten scales 1, thin metallic scales 1, high mp 1, sense surroundings 1, weak 2
a: End Transformation, Renounce Religion


You were on level 2 of the Swamp.
You worshipped Xom.
You were a plaything of Xom.
You had blades for front paws.
You visited 4 branches of the dungeon, and saw 25 of its levels.
You also visited: Ossuary and Ice Cave.

You collected 2984 gold pieces.
You spent 639 gold pieces at shops.

Inventory:

Jewellery
 e - a ring of protection from cold
 l - an amulet of guardian spirit (around neck)
 n - a ring of positive energy
 q - a ring of ice
 w - an amulet of faith
 B - a ring of willpower
 E - a +6 ring of strength (right blade hand)
 H - a ring of flight
 K - a ring of fire
 T - a ring of protection from fire
 U - the ring of Lidghon (left blade hand) {rPois Will+ MP+9 Int-2 SInv}
   (You found it on level 6 of the Lair of Beasts)

   [ring of magical power]

   It affects your intelligence (-2).
   It protects you from poison.
   It affects your willpower, your defense against some magical effects.
   It affects your magic capacity (+9).
   It lets you see invisible.
 W - a ring of willpower
Wands
 k - a wand of random effects (63)
 s - a wand of mindburst (29)
 x - a wand of digging (20)
 A - a wand of iceblast (29)
 C - a wand of polymorph (23)
 J - a wand of charming (9)
 N - a wand of acid (22)
 O - a wand of flame (28) (quivered)
Scrolls
 a - 5 scrolls of blinking
 f - 6 scrolls of amnesia
 g - 10 scrolls of magic mapping
 m - 2 scrolls of fear
 v - 2 scrolls of fog
 y - a scroll of vulnerability
 D - 10 scrolls of teleportation
 L - 4 scrolls of holy word
 M - a scroll of silence
 Q - 8 scrolls of identify
 R - 3 scrolls of immolation
 X - a scroll of torment {unknown}
Potions
 b - 3 potions of attraction
 c - 4 potions of curing
 h - 4 potions of brilliance
 i - 3 potions of berserk rage
 o - 2 potions of invisibility
 p - 9 potions of flight
 t - 2 potions of might
 u - 9 potions of ambrosia
 z - 3 potions of magic
 F - a potion of haste
 P - 2 potions of mutation
 S - 3 potions of cancellation
Miscellaneous
 d - a tin of tremorstones (2/2)
 r - a condenser vane
 G - a phial of floods
 I - a box of beasts
 V - a lightning rod (4/4)


   Skills:
 + Level 12.4 Fighting
 + Level 15.6 Dodging
 - Level 6.6 Stealth
 + Level 16.3 Unarmed Combat
 - Level 6.2 Spellcasting
 - Level 11.5 Hexes
 - Level 13.0 Transmutations
 - Level 2.5 Ice Magic
 - Level 12.6 Evocations


You had 16 spell levels left.
You knew the following spells:

 Your Spells              Type           Power      Damage    Failure   Level
a - Blade Hands           Tmut           20%        N/A       21%         5
b - Ensorcelled Hibernat  Hex/Ice        48%        N/A       17%         2
c - Confusing Touch       Hex            36%        N/A       11%         3

Your spell library contained the following spells:

 Spells                   Type           Power      Damage    Failure   Level
 Beastly Appendage        Tmut           80%        N/A       6%          1
 Wereblood                Tmut           40%        N/A       7%          2
 Corona                   Hex            40%        N/A       8%          1
 Slow                     Hex            36%        N/A       9%          2
 Tukima's Dance           Hex            36%        N/A       11%         3
 Cause Fear               Hex            18%        N/A       17%         4
 Yara's Violent Unravell  Hex/Tmut       19%        3d9       24%         5
 Spider Form              Tmut/Pois      11%        N/A       26%         3
 Dazzling Flash           Conj/Hex       40%        N/A       30%         3
 Inner Flame              Hex/Fire       20%        N/A       30%         3
 Freeze                   Ice            44%        1d6       34%         1
 Ice Form                 Ice/Tmut       26%        N/A       36%         4
 Petrify                  Tmut/Erth      22%        N/A       47%         4
 Fulminant Prism          Conj/Hex       10%        3d9       54%         4
 Leda's Liquefaction      Hex/Erth       10%        N/A       54%         4
 Animate Skeleton         Necr           8%         N/A       56%         1
 Magic Dart               Conj           16%        1d3       56%         1
 Pain                     Necr           16%        1d4       56%         1
 Frozen Ramparts          Ice            22%        1d4       56%         3
 Ozocubu's Armour         Ice            11%        N/A       56%         3
 Searing Ray              Conj           8%         3d3       67%         2
 Metabolic Englaciation   Hex/Ice        12%        N/A       67%         5
 Gell's Gravitas          Tloc           2%         N/A       83%         3
 Vampiric Draining        Necr           2%         2d6       83%         3
 Hailstorm                Conj/Ice       7%         3d4       94%         4
 Summon Ice Beast         Ice/Summ       7%         N/A       94%         4
 Animate Dead             Necr           2%         N/A       98%         4
 Iskenderun's Mystic Bla  Conj/Tloc      4%         2d3       98%         4
 Agony                    Necr           4%         N/A       100%        5
 Freezing Cloud           Conj/Ice/Air   3%         6-21      100%        6
 Simulacrum               Ice/Necr       3%         N/A       100%        6
 Ozocubu's Refrigeration  Ice            5%         4d6       100%        7
 Portal Projectile        Hex/Tloc       Unusable   N/A       N/A         3

Dungeon Overview and Level Annotations

Branches:
Dungeon (15/15)            Temple (0/1) D:4            Lair (6/6) D:10
  Swamp (2/4) Lair:4        Snake (0/4) Lair:3        Slime (0/5) Lair:6
    Orc (2/2) D:11            Elf (0/3) Orc:2        Vaults (0/5) D:14
 Depths (0/5) D:15        Ossuary (visited)           IceCv (visited)

Altars:
Ashenzari
Cheibriados
Dithmenos
Hepliaklqana
Kikubaaqudgha
Makhleb
Nemelex Xobeh
Qazlal
Ru
Vehumet
Xom
The Shining One
Beogh

Shops:
D:5 [   D:8 :[*   D:10 *   D:13 *   Orc:2 [[?:

Annotations:
D:7 Dowan, Duvessa, Harold
D:10 3 runed translucent doors, p0werm0de's ghost, novice GrFi
D:12 2 transporters, t4s4d4r's ghost, journeyman DgGl
Lair:4 2 transporters, Eckutwi's ghost, journeyman DEIE
Swamp:2 Aizul


Innate Abilities, Weirdness & Mutations

You have blades for front paws.
Your spellcasting is less reliable in this form.
You have sharp claws.
You have razor-sharp teeth.
You have supernaturally acute eyesight. (SInv)
You cover ground quickly. (Speed+)
Your thick and shaggy fur keeps you warm. (AC +3, rC+)
((Your stealthy paws help you sneak and pounce on unaware monsters.))
You are incapable of wielding weapons or throwing items.
You cannot wear armour.
You gain extra lives every three experience levels.
You are partially covered in iridescent scales. (AC +2)
You are partially covered in molten scales. (AC +2)
You are partially covered in thin metallic scales. (AC +2)
You have an increased reservoir of magic. (+10% MP)
You passively map a small area around you.
You are very weak. (Str -4)


Message History

You hit the spriggan rider.
The spriggan rider is lightly wounded.
The spriggan rider hits you with a +0 spear.
The spriggan rider blocks your attack.
The spriggan rider is lightly wounded.
The spriggan rider completely misses you.
You slice the spriggan rider!!
The spriggan rider is moderately wounded.
The spriggan rider completely misses you.
The spriggan rider blocks your attack.
The spriggan rider is moderately wounded.
The spriggan rider barely misses you. The spriggan rider blocks your attack.
Your bite misses the spriggan rider.
The spriggan rider is moderately wounded.
The spriggan rider misses you.
You barely miss the spriggan rider. Your slash misses the spriggan rider.
The spriggan rider is moderately wounded.
The spriggan rider hits you with a +0 spear!!
You slash the spriggan rider!
The spriggan rider is heavily wounded.
The spriggan rider hits you with a +0 spear!!
* * * LOW HITPOINT WARNING * * *
You feel much better.
The spriggan rider completely misses you.
You feel much better.
The spriggan rider hits you with a +0 spear!!
The spriggan rider completely misses you.
Aiming: Mindburst
Press: ? - help, Shift-Dir - straight line, f - spriggan rider
Aim: a spriggan rider, wielding a +0 spear and wearing an amulet of reflection (heavily wounded, berserk, chance to affect: 36%)
Okay, then.
Aiming: Corrosive Bolt
Press: ? - help, Shift-Dir - straight line, f - spriggan rider
Aim: a spriggan rider, wielding a +0 spear and wearing an amulet of reflection (heavily wounded, berserk, 49% to evade)
The bolt of acid hits the spriggan rider!!
The spriggan rider is splashed with acid.
The acid corrodes the spriggan rider!
The spriggan rider is severely wounded.
The spriggan rider hits you with a +0 spear!!
You die...

......♣♣..♣♣ ♣≈≈♣
≈≈..≈.≈♣..≈♣ ♣♣≈≈♣
≈≈≈≈≈.♣♣..♣♣ ♣.≈≈♣
≈≈≈≈≈≈♣.≈≈≈♣ ♣≈≈♣♣
.≈≈≈≈..≈≈≈.♣ ♣≈≈♣♣
..≈≈≈≈♣♣≈♣♣♣ ♣≈≈≈♣♣
≈.♣♣♣♣♣≈..♣ ♣.≈≈≈♣
♣≈♣ ♣♣.≈♣ ♣♣i≈≈♣
.≈♣♣♣♣♣♣♣♣♣ ♣@≈≈♣
...♣..≈..♣♣ ♣♣≈♣♣
≈≈...≈.≈≈.♣ ♣≈♣
≈≈≈≈.≈≈≈≈§♣♣ ♣♣≈♣
.≈♣♣..≈≈..≈♣ ♣≈≈♣
..♣♣♣.≈≈...♣♣♣♣♣≈≈♣
..♣♣♣≈≈.≈≈.≈♣♣≈≈≈.♣
.♣♣♣≈≈≈.≈≈≈≈.≈≈≈.♣♣
§≈§≈≈....)≈...♣♣♣♣


You could see a spriggan rider (berserk, corroded).

Vanquished Creatures
  A thorn hunter (Swamp:2)
  Donald (Swamp:1)
  A frost giant (IceCv)
  An orc warlord (Orc:2)
  A ghoul (Swamp:2)
  An ironbound preserver (D:14)
  A quicksilver ooze (D:15)
  A bunyip (Swamp:1)
  2 eleionomae (Swamp:1)
  An ice dragon (Lair:1)
  A boulder beetle (D:11)
  Erica (D:10)
  Erolcha (D:12)
  An ogre mage (D:15)
  10 hydras
  6 alligators
  4 centaur warriors
  2 ghost crabs
  2 catoblepae
  A merfolk avatar (Lair:6)
  A death knight (D:15)
  2 death yaks (IceCv)
  2 orc high priests (Orc:2)
  7 two-headed ogres
  11 skeletal warriors
  2 sea snakes (Lair:6)
  4 goliath frogs (Swamp:2)
  9 bog bodies (Swamp:2)
  A swamp dragon (Swamp:2)
  3 unseen horrors
  2 spriggan druids
  An orc knight (D:11)
  A wizard (D:15)
  A wolf spider zombie (D:13)
  A harpy (Lair:6)
  2 deep elf zephyrmancers (D:15)
  An orb spider (Lair:4)
  3 deep elf pyromancers
  3 cyclopes
  3 manticores
  9 orc sorcerers
  5 ugly things
  A will-o-the-wisp (Swamp:2)
  13 elephants
  4 black mambas
  An ice statue (IceCv)
  Maurice (D:9)
  An eye of devastation (Lair:3)
  3 gargoyles
  21 cane toads
  Psyche (D:11)
  10 rime drakes
  2 freezing wraiths (D:15)
  2 efreet
  A redback zombie (D:15)
  9 komodo dragons
  11 trolls
  6 hornets
  A queen bee (Lair:1)
  18 polar bears
  4 tyrant leeches
  14 blink frogs
  A raiju (shapeshifter) (D:14)
  14 slime creatures
  Prince Ribbit (D:7)
  6 wraiths
  4 wyverns
  5 spriggans
  71 yaks
  3 basilisks
  A vampire (D:15)
  Grum (D:11)
  A steam dragon (D:6)
  Menkaure (D:7)
  15 vampire mosquitoes
  8 swamp worms
  10 wargs
  3 nagas (Lair:3)
  An acid dragon (D:14)
  A soldier ant (D:15)
  12 water moccasins
  2 swamp drakes
  2 ice beasts
  26 orc warriors
  4 sky beasts
  A sky beast (shapeshifter) (Lair:3)
  A hornet zombie (D:9)
  2 black bears (D:10)
  27 wolves
  4 necrophages
  9 ogres
  7 centaurs
  2 elf zombies (Ossuary)
  4 phantoms
  9 bullfrogs
  A gnoll sergeant (D:6)
  A water moccasin skeleton (D:6)
  5 scorpions
  30 killer bees
  A vampire bat (D:7)
  11 wights
  3 electric eels
  A howler monkey (D:10)
  3 jellies
  11 centaur zombies
  2 crimson imps (D:3)
  6 hounds
  A quasit (D:7)
  A bullfrog zombie (D:9)
  2 human zombies (Ossuary)
  17 orc priests
  A bullfrog skeleton (D:5)
  Crazy Yiuf (D:6)
  4 centaur skeletons
  An iron imp (D:8)
  43 orc wizards
  Natasha (thrice) (D:3)
  2 iguanas
  7 worker ants
  2 hound skeletons
  3 mummies (Ossuary)
  9 gnolls
  8 adders
  2 shadow imps
  4 white imps
  4 ufetubi
  An adder zombie (D:5)
  An adder skeleton (D:4)
  4 worms
  4 dart slugs
  6 leopard geckos
  109 orcs
  5 giant cockroaches
  9 goblins
  7 hobgoblins
  5 jackals
  6 kobolds
  2 quokkas (D:7)
  2 ball pythons (D:3)
  10 bats
  3 frilled lizards
  A jackal zombie (D:5)
  A leopard gecko skeleton (D:5)
  2 leopard gecko zombies
  2 quokka skeletons
  5 rats
872 creatures vanquished.

Vanquished Creatures (collateral kills)
  An unseen horror (D:13)
  An orc sorcerer (Orc:2)
  An elephant (D:9)
  A troll (D:9)
  A polar bear (IceCv)
  2 slime creatures (D:14)
  A basilisk (D:9)
  A naga (Lair:3)
  A hornet zombie (D:10)
  2 orc warriors (Orc:2)
  An ogre (D:4)
  A bullfrog (D:7)
  3 wights (D:9)
  2 orc priests (Orc:2)
  3 orc wizards (Orc:2)
  8 orcs (Orc:2)
  4 goblins (D:4)
34 creatures vanquished.

Vanquished Creatures (others)
  A hydra (Lair:3)
  A dancing weapon (Orc:2)
  A bloated husk (Swamp:2)
  A necrophage (Swamp:2)
  A wight (D:14)
  An orc priest (Orc:2)
  A bullfrog skeleton (D:11)
  A gnoll (D:11)
  An orc (Orc:2)
  A quokka (D:8)
  48 fungi
  97 plants
155 creatures vanquished.

Grand Total: 1061 creatures vanquished

Notes
Turn   | Place    | Note
-------+----------+-------------------------------------------
     0 | D:1      | inc the Felid Chaos Knight began the quest for the Orb.
     0 | D:1      | Reached XP level 1. HP: 10/10 MP: 2/2
   109 | D:1      | Reached skill level 1 in Stealth
   356 | D:1      | Reached XP level 2. HP: 8/14 MP: 3/3
   372 | D:1      | XOM: divination: detect items
   937 | D:1      | XOM: 3-stop teleportation journey
  1239 | D:1      | XOM: cloud trail
  1600 | D:1      | XOM: noise
  1655 | D:2      | Reached skill level 4 in Unarmed Combat
  1655 | D:2      | Reached XP level 3. HP: 14/17 MP: 4/4
  2207 | D:2      | XOM: god gift: +2 quarterstaff of chaos
  2383 | D:2      | XOM: butterfly on damage
  2418 | D:2      | XOM: stat loss: -1 Int (12/13)
  2661 | D:2      | XOM is BORED!
  2661 | D:2      | XOM: summons 1 hostile demon
  2872 | D:2      | XOM: summons 2 hostile demons
  3029 | D:2      | XOM: god gift: scroll labelled JEUHARERUS {god gift}
  3117 | D:3      | Noticed Natasha
  3302 | D:3      | Found a shimmering altar of Xom.
  3309 | D:3      | Killed Natasha
  3310 | D:3      | Reached XP level 4. HP: 15/21 MP: 5/5
  3386 | D:3      | Noticed Natasha
  3473 | D:3      | XOM: 4-stop teleportation journey
  3564 | D:3      | Killed Natasha
  3675 | D:2      | XOM: summons 3 hostile demons
  3676 | D:2      | Noticed a chaos spawn
  3676 | D:2      | Noticed an orange demon
  3997 | D:3      | Noticed Natasha
  4007 | D:3      | Killed Natasha
  4008 | D:3      | Reached skill level 5 in Unarmed Combat
  4008 | D:3      | Reached XP level 5. HP: 19/24 MP: 6/6
  4008 | D:3      | XOM: summons 3 hostile demons
  4115 | D:2      | XOM: stat loss: -1 Int (12/13)
  4235 | D:3      | XOM: polymorph crimson imp -> white imp
  4239 | D:2      | XOM: give mutation
  4239 | D:2      | Gained mutation: You are clumsy. (Dex -2) [Xom's mischief]
  4251 | D:2      | XOM: give mutations
  4251 | D:2      | Gained mutation: Your body sometimes deteriorates upon
                  | taking damage. [Xom's mischief]
  4251 | D:2      | Gained mutation: Your muscles are strong. (Str +2) [Xom's
                  | mischief]
  4545 | D:3      | XOM: torment (13/24 hp)
  4656 | D:3      | XOM: noise
  4657 | D:3      | XOM: silly message
  4835 | D:3      | XOM: give mutations
  4835 | D:3      | Gained mutation: You are partially covered in iridescent
                  | scales. (AC +2) [Xom's mischief]
  4835 | D:3      | Lost mutation: You are clumsy. (Dex -2) [Xom's mischief]
  4835 | D:3      | Gained mutation: You occasionally shout uncontrollably at
                  | your foes. [Xom's mischief]
  5007 | D:3      | XOM: enchant monster (bad)
  5008 | D:3      | XOM: repel stairs
  5214 | D:3      | XOM: noise
  5263 | D:4      | Found a staircase to the Ecumenical Temple.
  5597 | D:4      | XOM: 10-stop teleportation journey
  5622 | D:4      | Noticed an ogre
  5625 | D:4      | XOM: god gift: 25 gold pieces
  5637 | D:4      | Killed an ogre
  5638 | D:4      | Gained mutation: You are covered in thick fur. (AC +2)
                  | [Felid growth]
  5638 | D:4      | Reached XP level 6. HP: 23/28 MP: 5/7
  5698 | D:4      | XOM: torment (16/28 hp)
  6051 | D:4      | XOM: 7-stop teleportation journey
  6184 | D:4      | Reached skill level 5 in Dodging
  6259 | D:4      | Found a hazy altar of Hepliaklqana.
  6434 | D:5      | Entered Level 5 of the Dungeon
  6476 | D:5      | XOM: divination: detect items
  6540 | D:5      | XOM: god gift: scroll labelled YMAICR DOTUOPU {god gift}
  6546 | D:5      | Found Fuyhoq's Armour Emporium.
  6635 | D:5      | XOM: god gift: +2 leather armour of poison resistance
  6678 | D:5      | Noticed a two-headed ogre
  6743 | D:5      | Found a stormy altar of Qazlal.
  6825 | D:5      | XOM: god gift: robe {god gift}
  6870 | D:5      | XOM: noise
  6881 | D:5      | Reached skill level 5 in Stealth
  7302 | D:5      | Reached XP level 7. HP: 31/31 MP: 8/8
  7499 | D:5      | XOM: confuse monster(s)
  7509 | D:5      | XOM: potion effect (haste)
  7585 | D:5      | XOM: cast spell 'Summon Small Mammal'
  8058 | D:6      | XOM: silly message
  8088 | D:5      | XOM: divination: detect items
  8092 | D:5      | XOM: divination: detect creatures
  8131 | D:5      | XOM: potion effect (experience)
  8131 | D:5      | Reached skill level 8 in Unarmed Combat
  8131 | D:5      | Reached XP level 8. HP: 26/41 MP: 7/9
  8134 | D:5      | Killed a two-headed ogre
  8340 | D:6      | XOM: 3-stop teleportation journey
  8427 | D:6      | XOM: give mutations
  8427 | D:6      | Lost mutation: Your body sometimes deteriorates upon taking
                  | damage. [Xom's mischief]
  8427 | D:6      | Gained mutation: You tend to lose your temper in combat.
                  | [Xom's mischief]
  8427 | D:6      | Gained mutation: You are frail. (-10% HP) [Xom's mischief]
  8427 | D:6      | Gained mutation: You often lose your temper in combat.
                  | [Xom's mischief]
  8471 | D:6      | Found a runed translucent door.
  8472 | D:6      | Noticed Crazy Yiuf
  8506 | D:6      | Killed Crazy Yiuf
  8507 | D:6      | Reached skill level 9 in Unarmed Combat
  8507 | D:6      | Reached XP level 9. HP: 6/40 MP: 2/10
  8738 | D:6      | XOM: scenery: 1 doors close
  8911 | D:6      | XOM: destruction
  9324 | D:6      | XOM: 1-stop teleportation journey
  9436 | D:6      | XOM: confusion (+ monsters)
  9646 | D:6      | XOM: draining
  9821 | D:7      | Noticed Prince Ribbit
  9824 | D:7      | Found a sand-covered staircase.
  9832 | D:7      | XOM: confuse monster(s)
  9835 | D:7      | Killed Prince Ribbit
  9843 | Ossuary  | Entered an ossuary
  9899 | Ossuary  | XOM: cast spell 'Summon Small Mammal'
  9996 | Ossuary  | XOM: 1-stop teleportation journey
 10101 | Ossuary  | XOM: give mutations
 10101 | Ossuary  | Gained mutation: Your muscles are very strong. (Str +4)
                  | [Xom's mischief]
 10101 | Ossuary  | Lost mutation: Your muscles are very strong. (Str +4)
                  | [Xom's mischief]
 10101 | Ossuary  | Gained mutation: Your body sometimes deteriorates upon
                  | taking damage. [Xom's mischief]
 10144 | Ossuary  | Reached skill level 10 in Unarmed Combat
 10282 | D:7      | XOM: cloud trail
 10396 | D:7      | XOM: confuse monster(s)
 10425 | D:7      | Noticed Harold
 10436 | D:8      | XOM: divination: detect creatures
 10559 | D:8      | Noticed a two-headed ogre
 10566 | D:8      | XOM: cloud trail
 10980 | D:7      | XOM: summons friendly white imp
 11076 | D:7      | Noticed Menkaure
 11086 | D:7      | Killed Menkaure
 11098 | D:7      | XOM: divination: detect creatures
 11178 | D:6      | XOM: scenery: create altars
 11321 | D:7      | Found an ancient bone altar of Kikubaaqudgha.
 11545 | D:7      | Noticed Duvessa
 11545 | D:7      | Noticed Dowan
 11668 | D:7      | XOM: silly message
 11674 | D:7      | XOM: potion effect (curing)
 11678 | D:7      | Reached skill level 11 in Unarmed Combat
 11777 | D:7      | XOM is BORED!
 11777 | D:7      | XOM: silly message
 11852 | D:7      | XOM: divination: detect items
 12058 | D:8      | Reached XP level 10. HP: 44/44 MP: 11/11
 12078 | D:8      | Noticed a two-headed ogre
 12078 | D:8      | XOM: potion effect (might)
 12099 | D:7      | Learned a level 2 spell: Ensorcelled Hibernation
 12107 | D:8      | Reached skill level 1 in Hexes
 12112 | D:8      | Found a broken altar of Ashenzari.
 12131 | D:8      | XOM: potion effect (berserk rage)
 12142 | D:8      | XOM: potion effect (magic)
 12159 | D:8      | Lost mutation: Your body sometimes deteriorates upon taking
                  | damage. [potion of mutation]
 12159 | D:8      | Lost mutation: You occasionally shout uncontrollably at
                  | your foes. [potion of mutation]
 12159 | D:8      | Lost mutation: You are frail. (-10% HP) [potion of
                  | mutation]
 12159 | D:8      | Lost mutation: You often lose your temper in combat.
                  | [potion of mutation]
 12159 | D:8      | Gained mutation: You are partially covered in molten
                  | scales. (AC +2) [potion of mutation]
 12159 | D:8      | Gained mutation: You are agile. (Dex +2) [potion of
                  | mutation]
 12159 | D:8      | Gained mutation: Your spells are a little harder to cast,
                  | but a little more powerful. [potion of mutation]
 12345 | D:8      | Found Osuwarr's General Store.
 12350 | D:8      | Bought a potion of heal wounds for 65 gold pieces
 12447 | D:8      | Reached skill level 1 in Ice Magic
 12488 | D:8      | XOM: summons 5 friendly demons
 12491 | D:8      | XOM: scenery: create altars
 12502 | D:8      | XOM: enchant monster (good)
 12512 | D:8      | XOM: butterfly on damage
 12513 | D:8      | Killed a two-headed ogre
 12537 | D:8      | XOM: polymorph butterfly -> swamp drake
 12620 | D:8      | Killed a two-headed ogre
 12636 | D:8      | Found a radiant altar of Vehumet.
 12637 | D:8      | Found Useonab's Book Shoppe.
 12642 | D:8      | Bought a book of Changes for 275 gold pieces
 12648 | D:8      | Learned a level 5 spell: Blade Hands
 12787 | D:8      | Found Timi's Antique Armour Shoppe.
 12894 | D:8      | XOM: god gift: smoking long sword {god gift}
 12894 | D:8      | Identified the +2 long sword "Dyij" {holy, +Inv Str+2
                  | Dex-4} (Xom gifted it to you on level 8 of the Dungeon)
 12948 | D:8      | Reached skill level 1 in Transmutations
 12951 | D:8      | XOM: noise
 13172 | D:8      | Found a snail-covered altar of Cheibriados.
 13199 | D:9      | Noticed Maurice
 13249 | D:9      | Found a glowing golden altar of the Shining One.
 13404 | D:9      | XOM: 1-stop teleportation journey
 13511 | D:9      | XOM: divination: detect items
 13557 | D:9      | XOM: swap monsters
 13566 | D:9      | Killed Maurice
 13686 | D:9      | XOM: noise
 13700 | D:9      | XOM: chaos cloud
 13787 | D:9      | XOM: 5-stop teleportation journey
 13807 | D:9      | Found a sacrificial altar of Ru.
 13995 | D:9      | XOM is BORED!
 13995 | D:9      | XOM: summons 1 hostile shadow creature
 14095 | D:9      | XOM: give mutations
 14095 | D:9      | Gained mutation: You are dopey. (Int -2) [Xom's mischief]
 14095 | D:9      | Lost mutation: You tend to lose your temper in combat.
                  | [Xom's mischief]
 14095 | D:9      | Lost mutation: Your muscles are strong. (Str +2) [Xom's
                  | mischief]
 14103 | D:9      | XOM: draining
 14207 | D:10     | Entered Level 10 of the Dungeon
 14211 | D:10     | XOM: summons 10 friendly demons
 14220 | D:10     | Reached skill level 5 in Transmutations
 14290 | D:10     | Noticed an elephant
 14342 | D:10     | XOM: silly message
 14346 | D:10     | XOM: chaos upgrade
 14362 | D:10     | XOM: divination: magic mapping
 14649 | D:10     | Found Jeow's General Store.
 14681 | D:10     | Bought a potion of curing for 45 gold pieces
 14730 | D:10     | Found a staircase to the Lair.
 14848 | D:10     | Found a runed translucent gate.
 14848 | D:10     | Found a runed translucent gate.
 14848 | D:10     | Found a runed translucent gate.
 14849 | D:10     | Noticed p0werm0de's ghost (novice GrFi)
 14883 | D:10     | XOM: silly message
 14914 | D:10     | XOM: summons friendly white imp
 14924 | D:10     | Reached XP level 11. HP: 52/52 MP: 6/12
 15019 | D:10     | XOM: 2-stop teleportation journey
 15145 | D:10     | XOM: fake destruction
 15427 | D:10     | XOM: noise
 15527 | D:9      | XOM: confusion (+ monsters)
 16553 | D:11     | Found a staircase to the Orcish Mines.
 16553 | D:11     | Noticed a red ugly thing
 16557 | D:11     | XOM: enchant monster (good)
 16601 | D:11     | XOM: enchant monster (bad)
 16657 | D:10     | XOM: give mutations
 16657 | D:10     | Gained mutation: Your flesh is cold resistant. (rC+) [Xom's
                  | mischief]
 16657 | D:10     | Lost mutation: You are dopey. (Int -2) [Xom's mischief]
 16657 | D:10     | Lost mutation: You are agile. (Dex +2) [Xom's mischief]
 16657 | D:10     | Lost mutation: Your flesh is cold resistant. (rC+) [Xom's
                  | mischief]
 16728 | D:11     | XOM: give mutations
 16728 | D:11     | Gained mutation: You expend magic power (3 MP) to
                  | strengthen your wands. [Xom's grace]
 16728 | D:11     | Gained mutation: Your flesh is cold resistant. (rC+) [Xom's
                  | grace]
 16728 | D:11     | Gained mutation: Your mind is acute. (Int +2) [Xom's grace]
 16819 | D:11     | XOM: summons friendly quasit
 16820 | D:11     | Killed a red ugly thing
 16922 | D:11     | Noticed Psyche
 17006 | D:11     | XOM: scenery: 4 doors open
 17061 | D:11     | XOM: scenery: summon butterflies
 17101 | D:11     | XOM: potion effect (experience)
 17101 | D:11     | Gained mutation: Your thick and shaggy fur keeps you warm.
                  | (AC +3, rC+) [Felid growth]
 17101 | D:11     | Reached XP level 12. HP: 56/56 MP: 13/13
 17125 | D:11     | XOM: scenery: summon butterflies
 17304 | D:11     | XOM: scenery: 1 doors close
 17398 | D:11     | XOM: 3-stop teleportation journey
 17399 | D:11     | Noticed Erica
 17410 | D:11     | XOM: fog
 17419 | D:10     | Killed Erica
 17500 | D:10     | XOM: draining
 17613 | D:11     | Noticed a boulder beetle
 17635 | D:11     | XOM: confuse monster(s)
 17637 | D:11     | XOM: noise
 17641 | D:11     | Killed a boulder beetle
 17844 | D:11     | Killed Psyche
 18238 | D:11     | Noticed Grum
 18259 | D:11     | Killed Grum
 18536 | D:11     | XOM: potion effect (haste)
 18657 | D:12     | Noticed a two-headed ogre
 18808 | D:12     | Found a transporter.
 18865 | D:12     | Noticed a vampire knight
 18865 | D:12     | Noticed t4s4d4r's ghost (journeyman DgGl)
 18877 | D:12     | Noticed a death knight
 18929 | D:12     | XOM: confuse monster(s)
 18945 | D:12     | XOM: cleaving
 18952 | D:12     | XOM: summons friendly white imp
 18968 | D:12     | Killed a two-headed ogre
 18969 | D:12     | Reached XP level 13. HP: 22/61 MP: 6/14
 19017 | D:12     | XOM: god gift: great mace {god gift}
 19079 | D:12     | XOM: scenery: 1 doors close
 19231 | D:12     | Found a transporter.
 19272 | D:12     | XOM: scenery: summon butterflies
 19412 | D:12     | Noticed Erolcha
 19484 | D:11     | XOM: give mutation
 19484 | D:11     | Gained mutation: Your spells are harder to cast, but more
                  | powerful. [Xom's mischief]
 19668 | D:12     | Killed Erolcha
 19669 | D:12     | Reached skill level 1 in Spellcasting
 19947 | D:12     | XOM: scenery: 1 doors open
 20476 | D:13     | XOM: cloud trail
 20761 | D:12     | XOM: cloud trail
 20806 | D:13     | Found Teuphunu's Assorted Antiques.
 20965 | D:12     | XOM: noise
 21044 | D:13     | XOM: silly message
 21047 | D:13     | Reached skill level 5 in Spellcasting
 21128 | D:13     | XOM: 1-stop teleportation journey
 21446 | D:13     | XOM: potion effect (might)
 21606 | D:13     | XOM: noise
 21632 | D:13     | Reached skill level 10 in Fighting
 21993 | D:13     | XOM: summons 8 friendly demons
 21999 | D:13     | XOM: cloud trail
 22063 | D:13     | XOM: god gift: +0 longbow of freezing
 22105 | D:11     | XOM: divination: magic mapping
 22144 | Lair:1   | Entered Level 1 of the Lair of Beasts
 22243 | Lair:1   | XOM: potion effect (curing)
 22728 | Lair:1   | XOM: confuse monster(s)
 22739 | Lair:1   | XOM: divination: magic mapping
 22868 | Lair:1   | XOM: silly message
 23089 | Lair:1   | XOM: noise
 23104 | Lair:1   | Reached skill level 5 in Evocations
 23477 | Lair:2   | XOM: destruction
 23558 | Lair:2   | XOM: summons 3 hostile demons
 23713 | Lair:2   | XOM is BORED!
 23713 | Lair:2   | XOM: draining
 23756 | Lair:2   | XOM is BORED!
 24022 | Lair:2   | XOM: 3-stop teleportation journey
 24148 | Lair:2   | Identified the +6 scale mail of Wu Jian {Will+}
 24219 | Lair:2   | Reached XP level 14. HP: 65/66 MP: 13/24
 24315 | Lair:2   | XOM: god gift: 2 potions of curing
 24380 | Lair:2   | XOM: give mutation
 24380 | Lair:2   | Gained mutation: You have a pair of small horns on your
                  | head. [Xom's grace]
 24495 | Lair:2   | XOM: give mutations
 24495 | Lair:2   | Lost mutation: Your spells are harder to cast, but more
                  | powerful. [Xom's mischief]
 24495 | Lair:2   | Lost mutation: You have a pair of small horns on your head.
                  | [Xom's mischief]
 24495 | Lair:2   | Lost mutation: Your mind is acute. (Int +2) [Xom's
                  | mischief]
 24495 | Lair:2   | Gained mutation: You occasionally shout uncontrollably at
                  | your foes. [Xom's mischief]
 24694 | Lair:2   | XOM: enchant monster (bad)
 24810 | Lair:3   | XOM: enchant monster (bad)
 24826 | Lair:3   | XOM: swap monsters
 24968 | Lair:3   | XOM: noise
 25018 | Lair:3   | XOM: 4-stop teleportation journey
 25019 | Lair:3   | Noticed Fannar
 25030 | Lair:3   | XOM: polymorph ice beast -> water moccasin
 25049 | Lair:3   | XOM: snakes to sticks
 25325 | Lair:3   | XOM: summons 1 hostile demon
 25372 | Lair:3   | XOM: divination: magic mapping
 25559 | Lair:3   | Found a staircase to the Snake Pit.
 25665 | Lair:3   | XOM: noise
 25669 | Lair:3   | XOM: polymorph naga -> shapeshifter
 25670 | Lair:3   | XOM: cast spell 'Summon Hydra'
 25687 | Lair:3   | XOM: scenery: summon butterflies
 25703 | Lair:3   | XOM: cleaving
 25748 | Lair:4   | Reached skill level 10 in Evocations
 25772 | Lair:4   | XOM: scenery: 1 doors open
 25780 | Lair:4   | XOM: scenery: 1 doors open
 25785 | Lair:4   | You fall into a shaft and drop 1 floor!
 25893 | Lair:5   | XOM: cleaving
 25938 | Lair:5   | XOM: scenery: create altars
 26046 | Lair:4   | Noticed Urug
 26090 | Lair:5   | Reached XP level 15. HP: 36/70 MP: 15/25
 26128 | Lair:5   | Found a frozen archway.
 26137 | IceCv    | Entered an ice cave
 26142 | IceCv    | Learned a level 3 spell: Confusing Touch
 26319 | IceCv    | Reached skill level 5 in Hexes
 26636 | IceCv    | XOM: destruction
 26654 | IceCv    | XOM: 9-stop teleportation journey
 26688 | IceCv    | Identified the +11 battleaxe "Worm" {vorpal, +Inv Str+7}
 26741 | IceCv    | XOM: divination: detect items
 26807 | IceCv    | XOM: cleaving
 26814 | IceCv    | Reached skill level 12 in Unarmed Combat
 27068 | IceCv    | XOM: divination: magic mapping
 27092 | IceCv    | XOM: cast spell 'Dispersal'
 27207 | IceCv    | XOM: summons 2 friendly demons
 27431 | IceCv    | XOM: divination: detect items
 27483 | IceCv    | Noticed a frost giant
 27499 | IceCv    | Killed a frost giant
 27978 | Lair:4   | Reached skill level 13 in Unarmed Combat
 27990 | Lair:4   | XOM: cast spell 'Shadow Creatures'
 28090 | Lair:3   | XOM: give mutation
 28090 | Lair:3   | Gained mutation: You can translocate small distances at
                  | will. [Xom's mischief]
 28138 | Lair:3   | Noticed Fannar
 28138 | Lair:3   | Fannar changed into Fannar the eye of devastation
 28155 | Lair:3   | Killed Fannar the eye of devastation
 28334 | Lair:3   | XOM: divine lightning
 28336 | Lair:3   | XOM: enchant monster (good)
 28414 | Lair:3   | XOM: cloud trail
 28559 | Lair:3   | XOM: summons 15 friendly demons
 28899 | Lair:3   | XOM: scenery: 1 doors open, 3 doors close
 29047 | Lair:2   | XOM: stat loss: -1 Str (13/14)
 29571 | Lair:4   | XOM: enchant monster (bad)
 29573 | Lair:4   | Noticed Urug
 29573 | Lair:4   | Urug changed into Urug the orb spider
 29578 | Lair:4   | Killed Urug the orb spider
 29692 | Lair:4   | XOM: confusion (+ monsters)
 29909 | Lair:4   | XOM: summons 1 hostile demon
 30056 | Lair:4   | Found a staircase to the Swamp.
 30161 | Lair:4   | Found a transporter.
 30165 | Lair:4   | Noticed Eckutwi's ghost (journeyman DEIE)
 30196 | Lair:4   | Found a transporter.
 30332 | Lair:4   | XOM: give mutation
 30332 | Lair:4   | Gained mutation: Your flesh is heat resistant. (rF+) [Xom's
                  | mischief]
 30560 | Lair:6   | Entered Level 6 of the Lair of Beasts
 30592 | Lair:5   | Reached skill level 14 in Unarmed Combat
 30773 | Lair:6   | XOM: summons 2 hostile shadow creatures
 30802 | Lair:6   | XOM: blink monster(s)
 30867 | Lair:5   | XOM: silly message
 31006 | Lair:6   | XOM is BORED!
 31006 | Lair:6   | XOM: summons 8 hostile demons
 31071 | Lair:6   | Found a staircase to the Slime Pits.
 31177 | Lair:6   | XOM: confuse monster(s)
 31190 | Lair:6   | XOM: confuse monster(s)
 31442 | Lair:6   | Identified the +2 helmet "Fotext" {rN+}
 31516 | Lair:6   | XOM: give mutation
 31516 | Lair:6   | Gained mutation: Your magical capacity is low. (-10% MP)
                  | [Xom's mischief]
 31528 | Lair:6   | Reached XP level 16. HP: 75/75 MP: 18/23
 31548 | Lair:6   | XOM: potion effect (heal wounds)
 32136 | Lair:6   | XOM: enchant monster (good)
 32311 | Lair:6   | Reached skill level 15 in Unarmed Combat
 32332 | Lair:6   | XOM: give mutations
 32332 | Lair:6   | Lost mutation: You expend magic power (3 MP) to strengthen
                  | your wands. [Xom's mischief]
 32332 | Lair:6   | Lost mutation: Your spells are a little harder to cast, but
                  | a little more powerful. [Xom's mischief]
 32332 | Lair:6   | Lost mutation: Your magical capacity is low. (-10% MP)
                  | [Xom's mischief]
 32386 | Lair:6   | XOM: silly message
 32705 | Lair:6   | XOM: polymorph polar bear -> swamp drake
 32950 | Lair:6   | XOM: noise
 32978 | Lair:6   | XOM: destruction
 33102 | Lair:6   | Identified the ring of Lidghon {rPois Will+ MP+9 Int-2
                  | SInv}
 33480 | D:10     | XOM: silly message
 33530 | Orc:1    | Entered Level 1 of the Orcish Mines
 33563 | D:11     | XOM: polymorph orc -> rat
 33955 | Orc:1    | XOM: give mutations
 33955 | Orc:1    | Gained mutation: Your spells are a little harder to cast,
                  | but a little more powerful. [Xom's grace]
 33955 | Orc:1    | Gained mutation: You are partially covered in thin metallic
                  | scales. (AC +2) [Xom's grace]
 33955 | Orc:1    | Gained mutation: You have an increased reservoir of magic.
                  | (+10% MP) [Xom's grace]
 33955 | Orc:1    | Gained mutation: You passively map a small area around you.
                  | [Xom's grace]
 34042 | Orc:1    | XOM: god gift: scroll of holy word
 34070 | Orc:2    | Entered Level 2 of the Orcish Mines
 34085 | Orc:2    | XOM: cleaving
 34086 | Orc:2    | XOM: scenery: create altars
 34088 | Orc:2    | XOM: chaos upgrade
 34202 | Orc:2    | XOM: summons 2 friendly demons
 34229 | Orc:2    | Found Piekeoz's Magic Scroll Shoppe.
 34230 | Orc:2    | Found Yvohur's Book Boutique.
 34231 | Orc:2    | XOM: god gift: helmet {god gift}
 34537 | Orc:2    | Bought a scroll of fear for 52 gold pieces
 34537 | Orc:2    | Bought a scroll of fear for 52 gold pieces
 34541 | Orc:2    | Bought a scroll of identify for 30 gold pieces
 34541 | Orc:2    | Bought a scroll of identify for 30 gold pieces
 34541 | Orc:2    | Bought a scroll of identify for 30 gold pieces
 34541 | Orc:2    | Bought a scroll of identify for 30 gold pieces
 34541 | Orc:2    | Bought a scroll of identify for 30 gold pieces
 34553 | Orc:2    | XOM: give mutations
 34553 | Orc:2    | Lost mutation: You occasionally shout uncontrollably at
                  | your foes. [Xom's mischief]
 34553 | Orc:2    | Lost mutation: Your spells are a little harder to cast, but
                  | a little more powerful. [Xom's mischief]
 34569 | Orc:2    | XOM: destruction
 34768 | Orc:1    | XOM: scenery: summon butterflies
 34877 | Orc:2    | XOM: god gift: runed gold wand {god gift}
 34913 | Orc:2    | XOM: god gift: wand of iceblast (9)
 34945 | Orc:2    | XOM: scenery: summon butterflies
 34977 | Orc:2    | XOM: divination: detect items
 34987 | Orc:2    | XOM: scenery: summon butterflies
 35070 | Orc:2    | XOM: enchant monster (good)
 35334 | Orc:2    | Noticed Nessos
 35335 | Orc:2    | XOM: scenery: create altars
 35338 | Orc:2    | XOM: summons friendly crimson imp
 35340 | Orc:2    | Shot with an arrow by Nessos
 35341 | Orc:2    | Reached XP level 15. HP: -9/72 MP: 0/27
 35391 | Orc:2    | Noticed Nessos
 35391 | Orc:2    | Nessos changed into Nessos the yak
 35393 | Orc:2    | Killed Nessos the yak
 35630 | Orc:2    | Found a staircase to the Elven Halls.
 35767 | Orc:2    | XOM: give mutations
 35767 | Orc:2    | Gained mutation: You are weak. (Str -2) [Xom's mischief]
 35767 | Orc:2    | Gained mutation: You are dopey. (Int -2) [Xom's mischief]
 35767 | Orc:2    | Lost mutation: Your flesh is cold resistant. (rC+) [Xom's
                  | mischief]
 35778 | Orc:2    | Found Ogiac's Armour Boutique.
 35778 | Orc:2    | Found Cog Jila's Armour Shoppe.
 35936 | Orc:1    | XOM: divination: detect items
 36302 | D:13     | Reached skill level 15 in Dodging
 36446 | D:13     | XOM: scenery: create altars
 36518 | D:13     | XOM: scenery: create altars
 36563 | D:13     | XOM: cloud trail
 36761 | D:13     | XOM: god gift: wand of acid (6)
 36868 | D:14     | XOM: scenery: 1 doors close
 36871 | D:14     | XOM: fog
 36894 | D:14     | XOM: scenery: 1 doors open
 37058 | D:14     | XOM: fog
 37102 | D:13     | XOM: give mutation
 37102 | D:13     | Gained mutation: Your spells are a little harder to cast,
                  | but a little more powerful. [Xom's grace]
 37348 | D:13     | XOM: summons friendly chaos spawn
 37393 | D:14     | Found a sparkling altar of Nemelex Xobeh.
 37432 | D:14     | XOM: god gift: 16 stones
 37683 | D:14     | XOM: smoke on damage
 37901 | D:14     | XOM: 1-stop teleportation journey
 37940 | D:14     | XOM: summons friendly ufetubus
 37993 | D:14     | XOM: summons 5 friendly demons
 38003 | D:14     | XOM: cleaving
 38008 | D:14     | XOM: confuse monster(s)
 38024 | D:14     | XOM: enchant monster (bad)
 38025 | D:14     | XOM: potion effect (magic)
 38028 | D:14     | Reached skill level 16 in Unarmed Combat
 38231 | D:14     | Found a gate to the Vaults.
 38472 | D:15     | Entered Level 15 of the Dungeon
 38520 | D:15     | XOM: potion effect (might)
 38610 | D:15     | Found a shadowy altar of Dithmenos.
 38767 | D:15     | XOM: silly message
 38799 | D:15     | XOM: silly message
 38813 | D:15     | XOM: confusion
 38830 | D:15     | XOM: fog
 38831 | D:15     | Found a burning altar of Makhleb.
 38831 | D:15     | XOM: 1-stop teleportation journey
 39037 | D:15     | XOM: fog
 39048 | D:15     | XOM: scenery: create altars
 39050 | D:15     | XOM: polymorph six-headed hydra -> quicksilver ooze
 39469 | D:15     | XOM: divination: magic mapping
 39586 | D:15     | XOM: scenery: summon butterflies
 39871 | D:15     | XOM: fog
 39877 | D:15     | Reached XP level 16. HP: 28/76 MP: 5/28
 40203 | D:15     | Found a staircase to the Depths.
 40347 | D:15     | XOM: enchant monster (good)
 40417 | D:15     | XOM: silly message
 40739 | Swamp:1  | Entered Level 1 of the Swamp
 40994 | Lair:4   | XOM: god gift: 21 gold pieces
 41031 | Lair:4   | XOM: cloud trail
 41220 | Swamp:1  | XOM: summons friendly white imp
 41438 | Swamp:1  | XOM: give mutations
 41438 | Swamp:1  | Lost mutation: Your flesh is heat resistant. (rF+) [Xom's
                  | mischief]
 41438 | Swamp:1  | Lost mutation: Your spells are a little harder to cast, but
                  | a little more powerful. [Xom's mischief]
 41529 | Swamp:1  | XOM: 2-stop teleportation journey
 41651 | Swamp:1  | Upgraded the game from 0.27-a0-650-g8dd3ea4f36 to
                  | 0.27-a0-660-g90476cec82
 41877 | Swamp:1  | Noticed Donald
 41891 | Swamp:1  | Killed Donald
 42567 | Swamp:2  | XOM: cast spell 'Call Canine Familiar'
 42571 | Swamp:2  | Reached skill level 10 in Hexes
 42583 | Swamp:2  | Slain by a tyrant leech
 42584 | Swamp:2  | Reached XP level 15. HP: -4/72 MP: 0/36
 42627 | Swamp:2  | Noticed a thorn hunter
 42627 | Swamp:2  | a shambling mangrove changed into a thorn hunter
 42627 | Swamp:2  | XOM: polymorph shambling mangrove -> thorn hunter
 42633 | Swamp:2  | Killed a thorn hunter
 42661 | Swamp:2  | XOM: summons 3 friendly demons
 42680 | Swamp:2  | XOM: enchant monster (good)
 43008 | Swamp:1  | XOM: stat loss: -1 Dex (19/20)
 43103 | Swamp:2  | XOM: blink monster(s)
 43144 | Swamp:2  | XOM: give mutations
 43144 | Swamp:2  | Lost mutation: You are dopey. (Int -2) [Xom's mischief]
 43144 | Swamp:2  | Lost mutation: You can translocate small distances at will.
                  | [Xom's mischief]
 43144 | Swamp:2  | Gained mutation: You are very weak. (Str -4) [Xom's
                  | mischief]
 43239 | Swamp:2  | XOM: confuse monster(s)
 43246 | Swamp:2  | XOM: smoke on damage
 43259 | Swamp:2  | XOM: noise
 43321 | Swamp:2  | XOM: silly message
 43777 | Swamp:2  | XOM: silly message
 43919 | Swamp:2  | XOM: silly message
 44086 | Swamp:2  | XOM: silly message
 44101 | Swamp:2  | Noticed Aizul
 44228 | Swamp:2  | XOM: divination: detect creatures
 44457 | Swamp:2  | Slain by a spriggan rider

Illustrated notes

Levels and vault maps discovered:
D:1:      lightli_iron_boxes, layout_basic, hangedman_glass_teeth
D:2:      layout_loops_ring
D:3:      layout_basic, kennysheep_crisscross, led_xom_imps, uniq_natasha
D:4:      layout_basic, lemuel_doored_altar, minmay_temple_entry_wispy,
          minmay_ogre_servants
D:5:      minmay_clustersquares, layout_loops_ring, serial_shops,
          kennysheep_mini, nicolae_qazlal_general_emergency
D:6:      layout_loops_ring, uniq_crazy_yiuf_cottage
D:7:      layout_basic, lemuel_round_altar, enter_ossuary_3, roderic_batcave,
          uniq_menkaure, uniq_duvessa, uniq_prince_ribbit1, uniq_harold
D:8:      layout_loops_ring, slow_altar_2, evilmike_ruin_ashenzari,
          fiery_altar_vehumet, serial_shops, shop, kennysheep_mini_moat, shop
D:9:      layout_roguey, lemuel_coloured_pillars_altar, tso_metal_star,
          uniq_maurice
D:10:     statuecave_lemuel, layout_layer_cave, david_lair_generic,
          serial_shops, shop, gammafunk_ghost_spectres
D:11:     layout_roguey, orc_0_dummy, special_room [special_room_orc],
          uniq_psyche, uniq_grum, uniq_erica
D:12:     layout_roguey, gammafunk_ghost_mausoleum, uniq_erolcha
D:13:     layout_loops_corners, serial_shops, nicolae_shop_overgrown_old_shop
D:14:     layout_roguey, skrybe_vaults_entry_preservation,
          chequers_serial_rivers_micro_e, serial_glass, glass_columns_b,
          glass_columns_a, nemelex_diamond_rough_becter
D:15:     grunt_enter_depths_magical_seal, layout_loops_corners, basic_altar,
          nicolae_dithmenos_the_darkroom
Lair:1:   dragon1_lemuel, layout_cave_shapes, special_room [special_room_bee],
          serial_bayou_shore_a
Lair:2:   layout_chaotic_city
Lair:3:   nzn_winding_woodlands_stair_cross
          [nzn_winding_woodlands_5x15_sawtooth,
          nzn_winding_woodlands_center_garden,
          nzn_winding_woodlands_5x15_lazy_stream,
          nzn_winding_woodlands_5x5_cross,
          nzn_winding_woodlands_5x5_checkerboard,
          nzn_winding_woodlands_5x15_parted,
          nzn_winding_woodlands_center_triple_pond,
          nzn_winding_woodlands_5x15_garden], layout_regular_city,
          minmay_snake_entry_guardpost_medium, uniq_fannar
Lair:4:   layout_regular_city, minmay_swamp_entry_swarm,
          gammafunk_ghost_berserking_beasts, infiniplex_staircase_pool_2,
          uniq_urug
Lair:5:   layout_roguey, portal_ice_cave_entry_pillars_1
Lair:6:   gammafunk_lair_ancient_temple, layout_cellular_growth,
          minmay_slime_entry_pillars, ldierk_geyser
Swamp:1:  layout_basic_swamp, evilmike_swamp_ruin_house_1, swamp_pool2,
          uniq_donald
Swamp:2:  cheibrodos_swamp_heart_of_darkness, layout_basic_swamp,
          nicolae_swamp_trees_clearing, swamp_pool5, hangedman_swamp_ravenous,
          uniq_aizul
Orc:1:    layout_diamond_mine, basic_altar
Orc:2:    st_orc_town, layout_caves, uniq_nessos

Skill      XL: |  1  2  3  4  5  6  7  8  9 10 11 12 13 14 15 16 |
---------------+-------------------------------------------------+-----
Stealth        | 1 2 3 5 6 |  6.6
Unarmed Combat | 4 5 8 9 11 16 15 | 16.3
Dodging        | 4 5 11 12 13 14 15 | 15.6
Fighting       | 8 9 10 11 12 | 12.4
Evocations     | 3 7 10 11 12 | 12.6
Hexes          | 4 11 10 | 11.5
Ice Magic      | 2 |  2.5
Transmutations | 6 12 13 | 13.0
Spellcasting   | 6 |  6.2

Action                   |  1- 3 |  4- 6 |  7- 9 | 10-12 | 13-15 | 16-18 || total
-------------------------+-------+-------+-------+-------+-------+-------++-------
Melee: Unarmed           |    89 |   192 |   329 |   332 |  1142 |   364 ||  2448
       Bite              |     1 |    19 |    40 |    43 |   145 |    38 ||   286
       Punch             |       |     6 |    12 |    14 |    78 |    24 ||   134
 Cast: Ensorcelled Hiber |       |       |       |    77 |   178 |    50 ||   305
       Blade Hands       |       |       |       |     9 |    78 |    32 ||   119
       Confusing Touch   |       |       |       |       |     4 |     3 ||     7
Evoke: Wand              |       |       |     9 |    11 |    32 |    16 ||    68
       Tin of tremorston |       |       |     2 |       |     2 |       ||     4
       Lightning rod     |       |       |       |       |     4 |     1 ||     5
  Use: Scroll            |     4 |     3 |     3 |     2 |    19 |     6 ||    37
       Potion            |     2 |     1 |     3 |     6 |    14 |       ||    26
 Stab: Sleeping          |    13 |     4 |     5 |    41 |    92 |    20 ||   175
       Distracted        |       |     1 |       |     2 |     4 |     1 ||     8
       Confused          |       |       |     4 |     2 |    13 |     3 ||    22
       Petrified         |       |       |       |     1 |     1 |     1 ||     3
       Petrifying        |       |       |       |     1 |     1 |       ||     2
       Invisible         |       |       |       |       |     3 |       ||     3
       Paralysed         |       |       |       |       |     2 |       ||     2
       Betrayed ally     |       |       |       |       |     1 |     1 ||     2
Armor: Skin              |     4 |    19 |    13 |    15 |   111 |    35 ||   197
Dodge: Dodged            |    49 |   120 |   209 |   309 |  1228 |   375 ||  2290

Table legend: (Time is in decaauts)
 A = Elapsed time spent in this place.
 B = Non-inter-level travel time spent in this place.
 C = Inter-level travel time spent in this place.
 D = Time resting spent in this place.
 E = Time spent auto-exploring this place.
 F = Levels seen in this place.
 G = Mean time per level.
                   A        B        C        D        E       F      G
               +--------+--------+--------+--------+--------+-----+--------+
         Total |  40069 |  38454 |   1615 |  11465 |  17716 |  27 | 1484.0 |
       Dungeon |  23933 |  22911 |   1022 |   6879 |  10581 |  15 | 1595.5 |
          Lair |   9123 |   8618 |    505 |   2121 |   4501 |   6 | 1520.5 |
         Swamp |   3254 |   3241 |     13 |   1581 |    875 |   2 | 1627.0 |
  Orcish Mines |   2062 |   1987 |     75 |    401 |   1051 |   2 | 1031.0 |
       Ossuary |    348 |    348 |      0 |    152 |     42 |   1 |  348.0 |
      Ice Cave |   1348 |   1348 |      0 |    329 |    664 |   1 | 1348.0 |
               +--------+--------+--------+--------+--------+-----+--------+

Top non-repeatable levels by time:
    D:11: 2437 daAuts
  Lair:3: 1998 daAuts
    D:13: 1904 daAuts
    D:15: 1892 daAuts
     D:5: 1816 daAuts
  Lair:6: 1800 daAuts
    D:10: 1783 daAuts
 Swamp:1: 1736 daAuts
     D:3: 1702 daAuts
     D:2: 1676 daAuts
    D:12: 1617 daAuts
     D:1: 1574 daAuts
     D:9: 1569 daAuts
 Swamp:2: 1518 daAuts
  Lair:2: 1366 daAuts
